 Dungeon Crawl Stone Soup version 0.28.0-53-g5a82cb258f (webtiles) character file.

Game seed: 7839717514991774198

9 urmum the Chiller (level 2, -1/20 HPs)
             Began as a Ghoul Ice Elementalist on May 24, 2022.
             Was an Initiate of Makhleb.
             Slain by Natasha (4 damage)
             ... on level 3 of the Dungeon.
             The game lasted 00:05:38 (278 turns).

urmum the Chiller (Ghoul Ice Elementalist)           Turns: 278, Time: 00:05:39

Health: -1/20      AC:  2    Str: 11    XL:     2   Next: 12%
Magic:  3/3        EV: 12    Int: 10    God:    Makhleb [......]
Gold:   36         SH:  0    Dex:  9    Spells: 3/4 levels left

rFire   . . .      SeeInvis .   (no weapon)
rCold   + . .      Faith    .   (no shield)
rNeg    + + +      Spirit   .   a - +0 robe
rPois   ∞          Reflect  .   (no helmet)
rElec   .          Harm     .   (no cloak)
rCorr   .          Rampage  .   (no gloves)
Will    .....                   (no boots)
Stlth   ++........              (no amulet)
HPRegen 0.00/turn               (no ring)
MPRegen 0.08/turn               (no ring)

@: inhibited regen, slowed, very slow
A: claws 1, cold resistance 1, negative energy resistance 3, inhibited
regeneration, torment resistance 2
a: Renounce Religion


You were on level 3 of the Dungeon.
You worshipped Makhleb.
Makhleb was noncommittal.
You visited 1 branch of the dungeon, and saw 3 of its levels.

You collected 36 gold pieces.

Inventory:

Armour
 a - a +0 robe (worn)


   Skills:
 + Level 1.7 Dodging
 + Level 2.2 Stealth
 + Level 1.7 Spellcasting
 + Level 4.9 Ice Magic


You had 3 spell levels left.
You knew the following spells:

 Your Spells              Type           Power      Damage    Failure   Level
a - Freeze                Ice            40%        1d6       4%          1

Your spell library contained the following spells:

 Spells                   Type           Power      Damage    Failure   Level
 Frozen Ramparts          Ice            20%        1d4       13%         3
 Ozocubu's Armour         Ice            10%        N/A       13%         3
 Hailstorm                Conj/Ice       5%         3d4       75%         4


Dungeon Overview and Level Annotations

Branches:
Dungeon (3/15)

Altars:
Makhleb
Sif Muna

Annotations:
D:3 Natasha


Innate Abilities, Weirdness & Mutations

You thrive by killing the living.
You are immune to poison.
You have sharp fingernails.
Your flesh is cold resistant. (rC+)
You are immune to negative energy. (rN+++)
You do not regenerate when monsters are visible.
You are immune to unholy pain and torment.


Message History

You miss the bat. The bat closely misses you.
The bat hits you but does no damage.
You completely miss the bat. The bat hits you. The bat barely misses you.
You barely miss the bat. The bat hits you. The bat closely misses you.
The bat hits you but does no damage.
You closely miss the bat. The bat hits you but does no damage.
The bat closely misses you.
You closely miss the bat. The bat barely misses you.
You miss the bat. The bat hits you but does no damage.
The bat closely misses you.
You scratch the bat.
You kill the bat!
Makhleb accepts your kill.
You feel better.
You see here a bat corpse.
Found 9 gold pieces.
Found 10 gold pieces.
You now have 26 gold pieces (gained 9).
You now have 36 gold pieces (gained 10).
You open the door.
Natasha, Servant of Life and Death comes into view.
Natasha hisses angrily.
Found 16 gold pieces.
Natasha casts a spell at you.
You feel yourself slow down.
There is an open door here.
Found a grey potion.
Natasha casts a spell.
Natasha barely misses you.
You miss Natasha. Natasha claws you!
You scratch Natasha but do no damage. Natasha closely misses you.
Natasha claws you. The crimson imp misses you.
You closely miss Natasha.
Natasha casts a spell.
The crimson imp hits you.
You closely miss Natasha. Natasha claws you!
* * * LOW HITPOINT WARNING * * *
The crimson imp hits you but does no damage.
Natasha claws you.
You die...

#.# ##+# #.# ##...# ...
#.....# #.# .#...#.##
#.# 8.8.8.8.###.#
......5..##.#
...$.5h@.'..#
.........#..#
8!8.8.8.###.# #
.#...#.##.#.###########.
#.....##.#..........†..#
##...##.......#########.
##+# ##.#...#.# ####
#.##.###.# #... ..
#...## #.# #.##


You could see Natasha, a crimson imp (summoned) and a white imp (summoned).

Vanquished Creatures
  2 endoplasms (D:2)
  2 giant cockroaches (D:2)
  3 bats
  A rat (D:2)
8 creatures vanquished.

Notes
Turn   | Place    | Note
-------+----------+-------------------------------------------
     0 | D:1      | urmum the Ghoul Ice Elementalist began the quest for the
                  | Orb.
     0 | D:1      | Reached XP level 1. HP: 14/14 MP: 2/2
    86 | D:2      | Reached XP level 2. HP: 14/20 MP: 3/3
   134 | D:3      | Found a shimmering blue altar of Sif Muna.
   169 | D:3      | Found a burning altar of Makhleb.
   179 | D:3      | Became a worshipper of Makhleb the Destroyer
   271 | D:3      | Noticed Natasha
   275 | D:3      | Noticed a crimson imp
   278 | D:3      | Slain by Natasha

Illustrated notes

Levels and vault maps discovered:
D:1:      minmay_arrival_diagonal_passages, layout_basic
D:2:      layout_loops_ring
D:3:      layout_loops_corners, lemuel_doored_altar, lemuel_crystal_altar,
          shapermc_ecumenical_altar_mp_ritualfount, dk_noncrumbling_3,
          uniq_grinder, uniq_natasha

Action                   || total
-------------------------++-------
Melee: Unarmed           ||    35
 Stab: Sleeping          ||     2
Armor: Robe              ||    11
Dodge: Dodged            ||    31
